 Dungeon Crawl Stone Soup version 0.29.0-15-g675c0067aa (webtiles) character file.

Game seed: 13098357753627308526

29 AttackTheMoon the Covered (level 3, -2/23 HPs)
             Began as a Tengu Fighter on Sept 11, 2022.
             Succumbed to a kobold's poison
             ... on level 1 of the Dungeon.
             The game lasted 00:00:47 (809 turns).

AttackTheMoon the Covered (Tengu Fighter)            Turns: 809, Time: 00:00:48

Health: -2/23      AC:  6    Str: 18    XL:     3   Next: 16%
Magic:  4/4        EV:  9    Int:  8    God:
Gold:   104        SH:  5    Dex: 13    Spells: 2/2 levels left

rFire   . . .      SeeInvis .   a - +0 long sword
rCold   . . .      Faith    .   c - +0 buckler
rNeg    . . .      Spirit   .   b - +0 scale mail
rPois   .          Reflect  .   (helmet restricted)
rElec   .          Harm     .   (no cloak)
rCorr   .          Rampage  .   (no gloves)
Will    .....                   (boots unavailable)
Stlth   ..........              (no amulet)
HPRegen 0.07/turn               (no ring)
MPRegen 0.09/turn               (no ring)

@: lethally poisoned (-2 -> -17)
A: beak, talons 3
a: no special abilities


You were on level 1 of the Dungeon.
You visited 1 branch of the dungeon, and saw 1 of its levels.

You collected 104 gold pieces.

Inventory:

Hand Weapons
 a - a +0 long sword (weapon)
Armour
 b - a +0 scale mail (worn)
 c - a +0 buckler (worn)
Potions
 d - a potion of might
 e - a potion of berserk rage {unknown}
 f - a potion of mutation
 h - a potion of brilliance {unknown}


   Skills:
 + Level 3.3 Fighting
 + Level 2.7 Long Blades
 + Level 3.6 Armour
 + Level 3.3 Shields


You had 2 spell levels left.
You didn't know any spells.
Your spell library was empty.

Dungeon Overview and Level Annotations

Branches:
Dungeon (1/15)

Altars:

Shops:
D:1 !


Innate Abilities, Weirdness & Mutations

You have a beak for a mouth.
You have claws for feet.


Message History

The bat barely misses you. The bat hits you but does no damage.
You closely miss the kobold. The kobold barely misses you.
You barely miss the kobold. Your kick misses the kobold.
The quokka barely misses you. The kobold barely misses you.
The quokka bites you.
You hit the kobold but do no damage. Your kick misses the kobold.
The kobold hits you but does no damage.
You are poisoned.
The quokka bites you but does no damage.
You hit the kobold but do no damage. Your kick misses the kobold.
You feel very sick.
The quokka bites you but does no damage.
The kobold hits you with a +0 dagger of venom.
You block the quokka's attack. The kobold closely misses you.
You barely miss the kobold. You claw the kobold.
The kobold is severely wounded.
You feel sick. The quokka bites you. The kobold hits you but does no damage.
You are lethally poisoned!
The quokka closely misses you.
You are too injured to fight recklessly!
You are too injured to fight recklessly!
You are too injured to fight recklessly!
You are too injured to fight recklessly!
You are too injured to fight recklessly!
You are too injured to fight recklessly!
You are too injured to fight recklessly!
You are too injured to fight recklessly!
You are too injured to fight recklessly!
There is a lethal amount of poison in your body!
The quokka attacks as you move away!
The quokka bites you but does no damage.
You feel very sick.
You see here a +0 robe.
The kobold attacks as you move away! The kobold hits you but does no damage.
You are more poisoned.
* * * LOW HITPOINT WARNING * * *
You feel very sick. The bat attacks as you move away! The bat hits you.
* * * LOW HITPOINT WARNING * * *
You die...

##....# .....#
#. .....###
#.###.#....
#.#......#
#.#.#.#)##
#.#..r...#
#.###b####(#
#..@.......#
###
#......#####
#..
#####......#
########..
#..........#
#......'..
#.......####
#.######..
#.....#.# #.#
### #.......#
#.# ####'####
#.#
##.##########.#


You could see a bat.

Vanquished Creatures
  A dart slug (D:1)
  2 ball pythons (D:1)
  3 endoplasms (D:1)
  A giant cockroach (D:1)
  3 goblins (D:1)
  3 hobgoblins (D:1)
  4 jackals (D:1)
  A bat (D:1)
  A frilled lizard (D:1)
  2 kobolds (D:1)
  A rat (D:1)
22 creatures vanquished.

Notes
Turn   | Place    | Note
-------+----------+-------------------------------------------
     0 | D:1      | AttackTheMoon the Tengu Fighter began the quest for the
                  | Orb.
     0 | D:1      | Reached XP level 1. HP: 14/14 MP: 2/2
   276 | D:1      | Reached XP level 2. HP: 15/19 MP: 3/3
   529 | D:1      | Found Guhas's Distillery.
   536 | D:1      | Reached XP level 3. HP: 23/23 MP: 4/4
   809 | D:1      | Succumbed to a kobold's poison

Illustrated notes

Levels and vault maps discovered:
D:1:      lemuel_arrival_muddy, layout_basic, serial_shops, shop_coins,
          minmay_misc_feat_tiny

Action                   || total
-------------------------++-------
Melee: Long sword        ||    47
       Kick              ||     6
       Peck              ||     7
  Use: Scroll            ||     3
Armor: Scale mail        ||    26
Dodge: Dodged            ||    26
Block: Buckler           ||     9
